 Dungeon Crawl Stone Soup version 0.30-a0-737-gf23d94013f (webtiles) character file.

Game seed: 13930853907716179323

35 Farfigtubin the Covered (level 3, -4/33 HPs)
             Began as a Hill Orc Fighter on Feb 3, 2023.
             Killed from afar by an orc wizard (7 damage)
             ... with a puff of flame
             ... on level 3 of the Dungeon.
             The game lasted 00:02:44 (323 turns).

Farfigtubin the Covered (Hill Orc Fighter)           Turns: 323, Time: 00:02:44

Health: -4/33      AC:  7    Str: 20    XL:     3   Next: 33%
Magic:  3/3        EV:  9    Int:  8    God:
Gold:   17         SH:  4    Dex: 10    Spells: 2/2 levels left

rFire   . . .      SeeInvis .    a - +0 war axe
rCold   . . .      Faith    .    c - +0 buckler
rNeg    . . .      Spirit   .    b - +0 scale mail
rPois   .          Reflect  .    (no helmet)
rElec   .          Harm     .    (no cloak)
rCorr   .          Rampage  .    (no gloves)
Will    .....                    (no boots) Stlth
                                 (no amulet)
HPRegen 0.25/turn                (no ring)
MPRegen 0.08/turn                (no ring)

@: mighty
A: no striking features
a: no special abilities


You were on level 3 of the Dungeon.
You visited 1 branch of the dungeon, and saw 3 of its levels.

You collected 17 gold pieces.

Inventory:

Hand Weapons
 a - a +0 war axe (weapon)
Armour
 b - a +0 scale mail (worn)
 c - a +0 buckler (worn)
Scrolls
 e - a scroll of fear {unknown}
 f - a scroll of poison {unknown}
 g - a scroll of magic mapping {unknown}


   Skills:
 + Level 4.0 Fighting
 + Level 3.2 Axes
 + Level 4.0 Armour
 + Level 3.5 Shields


You had 2 spell levels left.
You didn't know any spells.
Your spell library was empty.

Dungeon Overview and Level Annotations

Branches:
Dungeon (3/15)

Altars:


Message History

The adder bites you but does no damage.
You barely miss the adder.
The adder bites you but does no damage. x2
You miss the adder. The adder bites you but does no damage.
The adder bites you.
You hit the adder but do no damage. The adder bites you but does no damage.
You block the adder's attack.
You barely miss the adder. The adder barely misses you.
The adder bites you but does no damage.
You closely miss the adder. You block the adder's attack.
You barely miss the adder. The adder closely misses you.
The orc wizard gestures wildly while chanting.
The orc wizard flickers and vanishes!
You block the adder's attack.
You miss the adder. The adder bites you. You block the adder's attack.
You hit the adder.
The adder is heavily wounded.
The adder bites you but does no damage. x2
You barely miss the adder.
The adder is heavily wounded.
The adder bites you but does no damage. You block the adder's attack.
You slash the adder!
You kill the adder!
Your Fighting skill increases to level 4!
Your Axes skill increases to level 3!
You miss something.
You hear some strange, mumbled words.
A puff of flame appears from out of thin air!
The puff of flame hits you!
* * * LOW HITPOINT WARNING * * *
Something hits you.
* * * LOW HITPOINT WARNING * * *
You closely miss something. Something hits you but does no damage.
You feel very mighty all of a sudden. Something hits you.
* * * LOW HITPOINT WARNING * * *
You miss something.
You hear the slow rusting of a drain nearby.
You hear some strange, mumbled words.
A puff of flame appears from out of thin air!
The puff of flame hits you!
You die...

###
##...#########
#..#.#<#.#.#.##
#...........#
##.#)#.#.#.##
#...g.......#
#.##.#{#.#.#.##
.......@.......#
...#.#.#.#.#.#.#
.#.)...........
#.#.#.#.#.#.#.#
........).....#
### #.#.# #.#.#
#...# #..# .. ..
..


You could see a hobgoblin.

Vanquished Creatures
  2 adders
  An orc (D:3)
  2 endoplasms
  4 goblins
  2 kobolds
  2 ball pythons (D:1)
  A bat (D:2)
  2 frilled lizards
  A rat (D:1)
17 creatures vanquished.

Notes
Turn   | Place    | Note
-------+----------+-------------------------------------------
     0 | D:1      | Farfigtubin the Hill Orc Fighter began the quest for the
                  | Orb.
     0 | D:1      | Reached XP level 1. HP: 19/19 MP: 1/1
   135 | D:1      | Reached XP level 2. HP: 27/27 MP: 2/2
   295 | D:3      | Reached XP level 3. HP: 23/33 MP: 3/3
   323 | D:3      | Killed from afar by an orc wizard

Illustrated notes

Levels and vault maps discovered:
D:1:      psy_arrival_conway, layout_basic
D:2:      layout_basic, st_stairs_12, uniq_jessica
D:3:      layout_basic, portal_sewer_entry_f, st_stairs_10

Skill      XL: |  1  2  3 |
---------------+----------+-----
Armour         | 4 |  4.0
Fighting       | 4 |  4.0
Axes           | 3 |  3.2
Shields        | |  3.5

Action                     || total
---------------------------++-------
  Melee: War axe           ||    50
    Use: Potion            ||     1
 Armour: Scale mail        ||    39
  Dodge: Dodged            ||    18
  Block: Buckler           ||    11

Table legend: (Time is in decaauts)
 A = Elapsed time spent in this place.
 B = Non-inter-level travel time spent in this place.
 C = Inter-level travel time spent in this place.
 D = Time resting spent in this place.
 E = Time spent auto-exploring this place.
 F = Levels seen in this place.
 G = Mean time per level.
                   A        B        C        D        E       F      G
               +--------+--------+--------+--------+--------+-----+--------+
         Total |    344 |    344 |      0 |      0 |     14 |   3 |  114.7 |
       Dungeon |    344 |    344 |      0 |      0 |     14 |   3 |  114.7 |
               +--------+--------+--------+--------+--------+-----+--------+

Top non-repeatable levels by time:
     D:1: 158 daAuts
     D:2: 136 daAuts
     D:3: 49 daAuts
